 Dungeon Crawl Stone Soup version 0.26.1-11-gd32895ea62 (webtiles) character file.

Game seed: 232547610467917889

60 Descartes the Sneak (level 3, -7/16 HPs)
             Began as a Spriggan Enchanter on Apr 20, 2021.
             Mangled by a worm (10 damage)
             ... on level 2 of the Dungeon.
             The game lasted 00:03:48 (2518 turns).

Descartes the Sneak (Spriggan Enchanter)            Turns: 2518, Time: 00:03:48

Health: -7/16      AC:  2    Str:  5    XL:     3   Next: 82%
Magic:  8/8        EV: 18    Int: 16    God:
Gold:   55         SH:  0    Dex: 16    Spells: 6/7 levels left

rFire    . . .     SeeInvis +   a - +1 dagger
rCold    . . .     Faith    .   (shield restricted)
rNeg     . . .     Spirit   .   b - +0 robe
rPois    .         Reflect  .   (helmet restricted)
rElec    .         Harm     .   (no cloak)
rCorr    .         Rampage  .   (gloves unavailable)
Will     .....                  (boots unavailable)
Stlth    ++++......             (no amulet)
HPRegen  0.05/turn              (no ring)
MPRegen  0.11/turn              (no ring)

@: very quick
A: very small, unfitting armour, see invisible, speed 3
a: no special abilities


You were on level 2 of the Dungeon.
You visited 1 branch of the dungeon, and saw 2 of its levels.

You collected 55 gold pieces.

Inventory:

Hand Weapons
 a - a +1 dagger (weapon)
Missiles
 d - 41 sling bullets
 f - 12 stones
 i - 13 poisoned darts
Armour
 b - a +0 robe (worn)
Scrolls
 c - a scroll of amnesia {unknown}
 e - 2 scrolls of magic mapping {unknown}
 g - 2 scrolls of teleportation {unknown}
 j - a scroll of identify {unknown}
 k - a scroll of random uselessness {unknown}
Potions
 h - a potion of brilliance {unknown}
 l - a potion of might {unknown}


   Skills:
 - Level 1.1 Short Blades
 - Level 3.0 Dodging
 + Level 7.4 Stealth
 - Level 2.6 Spellcasting
 - Level 3.6 Hexes


You had 6 spell levels left.
You knew the following spells:

 Your Spells              Type           Power        Failure   Level
a - Corona                Hex            14%          4%          1

Your spell library contained the following spells:

 Spells                   Type           Power        Failure   Level
 Confusing Touch          Hex            13%          13%         3
 Tukima's Dance           Hex            13%          13%         3
 Ensorcelled Hibernation  Hex/Ice        14%          14%         2
 Dazzling Flash           Conj/Hex       14%          28%         3


Dungeon Overview and Level Annotations

Branches:
Dungeon (2/15)

Altars:
Fedhas

Annotations:
D:2 Sigmund


Innate Abilities, Weirdness & Mutations

You are very small and have problems with some larger weapons.
You are too small for most types of armour.
You have supernaturally acute eyesight. (SInv)
You cover ground extremely quickly.


Message History

Found a blossoming altar of Fedhas.
There is an escape hatch in the floor here.
A worm is nearby!
A worm is nearby!
Found a club.
You closely miss Sigmund. Sigmund barely misses you.
You closely miss Sigmund. Sigmund hits you with a +0 scythe.
You hit Sigmund.
Sigmund is lightly wounded.
You hit Sigmund.
Sigmund is lightly wounded.
Sigmund gestures at you while chanting. The puff of flame hits you!
Ouch! That really hurt!
The rat bites you.
* * * LOW HITPOINT WARNING * * *
Sigmund barely misses you. The worm bites you!
Ouch! That really hurt!
You die...

<......≈.≈# #.##.># ....
......)≈.≈# #.#..## #...
.........## #...## ..
.........# ##..# ...
.........#####..### )...
...............(.?# .....
...........######.#......
#[......##)######........
##.......#†.....@.#......
#.......#...@.rw.##.....
#.......#........# >....
#.......#...............
#########........#......
##.......#......
#.......# ... #.......#
... #.......#


You could see Sigmund, a worm and a rat.

Vanquished Creatures
  An adder (D:2)
  An ooze (D:1)
  A dart slug (D:2)
  2 leopard geckos (D:1)
  5 bats (D:1)
  3 giant cockroaches (D:1)
  2 goblins (D:1)
  11 hobgoblins
  3 kobolds (D:1)
  5 frilled lizards
  6 rats
40 creatures vanquished.

Notes
Turn   | Place    | Note
-------+----------+-------------------------------------------
     0 | D:1      | Descartes the Spriggan Enchanter began the quest for the
                  | Orb.
     0 | D:1      | Reached XP level 1. HP: 9/9 MP: 5/5
   181 | D:1      | Reached skill level 5 in Stealth
   329 | D:1      | Reached XP level 2. HP: 13/13 MP: 6/6
   552 | D:1      | Reached skill level 6 in Stealth
  1054 | D:1      | Reached XP level 3. HP: 14/16 MP: 8/8
  2115 | D:2      | Reached skill level 7 in Stealth
  2351 | D:2      | Noticed Sigmund
  2466 | D:2      | Found a blossoming altar of Fedhas.
  2518 | D:2      | Mangled by a worm

Illustrated notes

Levels and vault maps discovered:
D:1:      dpeg_cavernosity, layout_loops_ring, minmay_misc_feat_columns
D:2:      layout_rooms, nicolae_overflow_hidden_temple,
          chequers_serial_rivers_micro_d, st_stairs_1, tgw_fedhas, uniq_sigmund

Skill      XL: |  1  2  3 |
---------------+----------+-----
Stealth        | 5 6 7 |  7.4
Short Blades   | |  1.1
Dodging        | |  3.0
Spellcasting   | |  2.6
Hexes          | |  3.6

Action                   || total
-------------------------++-------
Melee: Dagger            ||   174
  Use: Potion            ||     1
 Stab: Sleeping          ||    13
Armor: Robe              ||    15
Dodge: Dodged            ||   155
